 Dungeon Crawl Stone Soup version 0.19.5 (webtiles) character file.

318209 JeffiDaFish the Peltast (level 21, 0/137 HPs)
             Began as a Gargoyle Fighter on Apr 5, 2017.
             Was the Champion of Okawaru.
             Killed from afar by a tengu reaver (5 damage)
             ... with a bolt of lightning
             ... on level 5 of the Vaults on Apr 6, 2017.
             The game lasted 01:39:53 (35211 turns).

JeffiDaFish the Peltast (Gargoyle Fighter)         Turns: 35211, Time: 01:39:54

Health: 0/137      AC: 49    Str: 26    XL:     21   Next: 44%
Magic:  21/33      EV: 20    Int: 10    God:    Okawaru [******]
Gold:   3520       SH: 16    Dex: 23    Spells: 2 memorised, 30 levels left

rFire  + . .     SeeInvis +     C - +12 flail of Leof {freeze, rN+ Int+4}
rCold  . . .     Gourm    .     G - +6 plate armour {rF+}
rNeg   + + .     Faith    .     m - +0 shield {reflect}
rPois  ∞         Spirit   .     t - +2 helmet
rElec  +         Reflect  +     H - +2 cloak {MR+}
rCorr  .         Harm     .     T - +0 pair of gloves of Ikixkaoth {Dex+4 Slay+3}
MR     ++...                    l - +0 pair of boots {run}
Stlth  ..........               r - amulet of regeneration
                                L - ring of Kathroz {rElec Str+3 Int-3 Dex+3 SInv}
                                e - +6 ring of evasion

@: flying, very slightly contaminated, quick
A: big wings, negative energy resistance 1, electricity resistance, unbreathing,
petrification resistance, rot immunity, AC +15
a: Stop Flying, Heroism, Finesse, Renounce Religion
}: 2/15 runes: serpentine, barnacled


You were on level 5 of the Vaults.
You worshipped Okawaru.
Okawaru was exalted by your worship.
You were very hungry.

You visited 7 branches of the dungeon, and saw 37 of its levels.
You also visited: Ossuary.

You collected 3994 gold pieces.
You spent 474 gold pieces at shops.

Inventory:

Hand Weapons
 C - the +12 flail of Leof (weapon) {freeze, rN+ Int+4}
   (Okawaru gifted it to you on level 2 of the Lair of Beasts)

   It has been specially enchanted to freeze those struck by it, causing extra
   injury to most foes and up to half again as much damage against particularly
   susceptible opponents.
   It can also slow down cold-blooded creatures.
   It affects your intelligence (+4).
   It protects you from negative energy.
Armour
 l - a +0 pair of boots of running (worn)
 m - a +0 shield of reflection (worn)
 t - a +2 helmet (worn)
 G - a +6 plate armour of fire resistance (worn)
 H - a +2 cloak of magic resistance (worn)
 I - a +0 pair of boots
 T - the +0 pair of gloves of Ikixkaoth (worn) {Dex+4 Slay+3}
   (You acquired it on level 3 of the Vaults)

   It affects your dexterity (+4).
   It affects your accuracy and damage with ranged weapons and melee attacks
   (+3).
Jewellery
 e - a +6 ring of evasion (left hand)
 r - an amulet of regeneration (around neck)
 B - an uncursed ring of protection from cold
 L - the ring of Kathroz (right hand) {rElec Str+3 Int-3 Dex+3 SInv}
   (You bought it in a shop on level 2 of the Orcish Mines)

   [ring of dexterity]

   It affects your strength (+3).
   It affects your intelligence (-3).
   It affects your dexterity (+3).
   It insulates you from electricity.
   It lets you see invisible.
Wands
 y - a wand of teleportation (3/9)
Scrolls
 a - 4 scrolls of recharging
 p - 26 scrolls of remove curse
 w - 3 scrolls of enchant weapon
 E - 6 scrolls of magic mapping
 M - 5 scrolls of fog
Potions
 d - 12 potions of might
 f - 2 potions of cure mutation
 n - 2 potions of brilliance
 s - 5 potions of ambrosia
 u - 3 potions of cancellation
 v - 2 potions of resistance
 A - a potion of berserk rage
Books
 D - the Grimoire of Dusty Contamination
   (You found it on level 3 of the Lair of Beasts)

   Spells                             Type                      Level
   a - Sting                          Conjuration/Poison           1
   b - Mephitic Cloud                 Conjuration/Poison/Air       3
   c - Stone Arrow                    Conjuration/Earth            3
   d - Alistair's Intoxication        Transmutation/Poison         5
 N - a book of Conjurations

   Spells                             Type                      Level
   a - Magic Dart                     Conjuration                  1
   b - Searing Ray                    Conjuration                  2
   c - Dazzling Spray                 Conjuration/Hexes            3
   d - Fulminant Prism                Conjuration/Hexes            4
   e - Iskenderun's Mystic Blast      Conjuration                  4
   f - Iskenderun's Battlesphere      Conjuration/Charms           5
Comestibles
 b - 20 beef jerkies
 c - 8 chunks of flesh
 h - 16 meat rations
 k - 7 fruits
 o - 16 slices of pizza
 z - 15 bread rations
 Q - a royal jelly


   Skills:
 * Level 16.3 Fighting
 * Level 17.1 Maces & Flails
 * Level 16.4 Armour
 + Level 8.8 Dodging
 * Level 17.7 Shields
 + Level 8.5 Spellcasting
 + Level 10.2 Conjurations
 + Level 8.4 Air Magic
 + Level 9.4 Poison Magic


You had 30 spell levels left.
You knew the following spells:

 Your Spells              Type           Power        Failure   Level  Hunger
a - Mephitic Cloud        Conj/Pois/Air  ###.....     10%         3    ###....
b - Iskenderun's Mystic   Conj           ###.....     17%         4    ####...


Dungeon Overview and Level Annotations

Branches:
Dungeon (15/15)            Temple (1/1) D:4            Lair (6/6) D:8
 Shoals (4/4) Lair:4        Snake (4/4) Lair:3        Slime (0/5) Lair:5
    Orc (2/2) D:11            Elf (0/3) Orc:2        Vaults (5/5) D:13
  Crypt (0/3) Vaults:3     Depths (0/5) D:15

Altars:
Ashenzari
Cheibriados
Dithmenos
Elyvilon
Fedhas
Kikubaaqudgha
Makhleb
Nemelex Xobeh
Okawaru
Qazlal
Ru
Sif Muna
Trog
Uskayaw
Vehumet
Yredelemnul
Zin
The Shining One
Beogh

Shops:
D:7 :*[   D:11 [   D:12 %}   D:14 %   D:15 [   Orc:2 ([:*=   Snake:2 %:
Snake:3 *   Vaults:1 *


Innate Abilities, Weirdness & Mutations

You are resistant to torment.
Your stone body is resilient. (AC +15)
You are immune to poison.
Your large and strong wings let you fly indefinitely.
You resist negative energy. (rN+)
You are resistant to electric shocks. (rElec)
You can survive without breathing.
You are immune to petrification.
You are immune to rotting.


Message History

The white very ugly thing closely misses you.
The vault guard hits the stone giant but does no damage.
The sphinx mumbles some strange words.
Something smites you!
* * * LOW HITPOINT WARNING * * *
You sock the deep elf knight! You freeze the deep elf knight.
The deep elf knight is moderately wounded.
The human changes into a spriggan!
The vault guard seems less confused.
The vault guard is engulfed in noxious fumes.
You block the vault guard's attack.
The deep elf knight is engulfed in noxious fumes.
The deep elf knight hits the vault guard with an uncursed long sword!
You bludgeon the deep elf knight!! You freeze the deep elf knight!
The deep elf knight is almost dead.
You feel like a meek peon again.
The vault warden hits you but does no damage.
The tengu reaver is engulfed in noxious fumes.
The tengu reaver points at you and mumbles some strange words.
The bolt of lightning hits you! You resist.
You die...

#.).......
#.)†......
#C.k.#####
#...cip..
#..#ppp...
#..#pcW##.
#..#Cp##
#..#pe##
#..#@Qp#


ppp #..##upD9ppp. ##eCp9cH. CW###p. C## . D+ .# .. You could see a shadow
dragon, a white very ugly thing, a sphinx, 3 stone giants, 5 vault wardens, a
tengu reaver, 3 yaktaur captains, 7 vault guards, a hell knight, a deep elf
sorcerer, a flayed ghost, 2 war gargoyles, a deep elf knight (confused), an
ironbrand convoker, a freezing wraith, a swamp drake shaped shifter and a
spriggan shaped shifter.

Vanquished Creatures
  Saint Roka (Orc:2)
  Nikola (Snake:4)
  Jorgrun (Vaults:2)
  5 tentacled monstrosities
  A titan (Vaults:5)
  A sphinx (Vaults:1)
  A tengu reaver (Vaults:5)
  A shadow dragon (Vaults:5)
  A storm dragon (Vaults:5)
  Donald (Shoals:4)
  2 fire giants
  6 nagarajas (Snake:4)
  A frost giant (Vaults:4)
  Ilsuiw (Shoals:4)
  9 ironheart preservers
  15 vault wardens
  Aizul (Snake:1)
  A ghoul (Vaults:3)
  8 stone giants
  The ghost of Quico the Devastator, a journeyman DECj of Vehumet (D:15)
  An entropy weaver (Vaults:4)
  2 deep elf demonologists (Vaults:4)
  A deep elf annihilator (Vaults:4)
  8 merfolk javelineers
  5 ettins
  A fire dragon (Vaults:2)
  2 great orbs of eyes
  11 merfolk impalers
  10 yaktaur captains
  2 ice dragons
  13 naga warriors
  29 vault guards
  A rakshasa (Vaults:2)
  6 hydras
  7 anacondas
  A ghost crab (shapeshifter) (Vaults:3)
  5 merfolk aquamancers
  10 merfolk avatars
  5 centaur warriors
  5 ogre magi
  A satyr (Shoals:3)
  6 death yaks (Lair:6)
  4 death knights
  A death yak (shapeshifter) (Vaults:5)
  14 naga sharpshooters
  5 shock serpents
  A tengu warrior (D:10)
  2 orc high priests
  A deep elf knight (Vaults:4)
  4 skeletal warriors
  A shadow wraith (Vaults:3)
  The ghost of dialectric the Carver, a novice VSFi of Qazlal (Orc:1)
  An unseen horror (D:14)
  5 naga ritualists
  11 sea snakes
  5 deep trolls (Vaults:3)
  4 wizards
  3 hill giants
  3 deep elf archers
  11 ironbrand convokers
  A phantasmal warrior (Vaults:3)
  7 harpies (Shoals:4)
  18 orc knights
  9 mana vipers
  A wolf spider zombie (D:13)
  A necromancer (Vaults:4)
  7 cyclopes
  A wolf spider (Vaults:3)
  14 fauns
  2 deep elf magi
  8 orc sorcerers
  33 ugly things
  10 manticores
  A faun (shapeshifter) (Vaults:4)
  11 salamanders
  11 sirens
  14 elephants
  A black mamba (shapeshifter) (Vaults:3)
  2 guardian serpents (Snake:4)
  38 naga magi
  32 black mambas
  13 vault sentinels
  3 centaur skeletons (D:14)
  17 spiny frogs
  6 water nymphs
  2 rime drakes
  A gargoyle (D:13)
  22 yaktaurs
  7 freezing wraiths
  An efreet (D:13)
  A tengu conjurer (D:10)
  A redback zombie (D:13)
  A komodo dragon (Lair:2)
  A jumping spider (Vaults:4)
  4 polar bears
  14 trolls
  A human skeleton (Vaults:4)
  8 two-headed ogres
  A hornet (Vaults:1)
  36 merfolk
  A troll (shapeshifter) (Vaults:5)
  5 wind drakes
  A two-headed ogre (shapeshifter) (Vaults:2)
  5 tyrant leeches (Lair:6)
  18 slime creatures
  5 snapping turtles
  A stone giant simulacrum (Vaults:2)
  A dream sheep (shapeshifter) (Vaults:2)
  10 hippogriffs
  9 blink frogs
  4 dream sheep (Lair:6)
  6 water elementals
  2 shadows (D:15)
  3 wraiths
  3 vampires
  28 yaks
  6 wyverns
  A human (D:10)
  An ettin skeleton (Vaults:4)
  3 hungry ghosts
  3 hogs (D:10)
  2 human simulacra
  A steam dragon (D:13)
  7 vampire mosquitoes
  3 mottled dragons
  29 wargs
  A naga (shapeshifter) (Vaults:4)
  34 nagas
  33 water moccasins
  11 porcupines
  A swamp drake (Lair:2)
  A floating eye (shapeshifter) (Vaults:5)
  40 orc warriors
  8 sky beasts
  2 black bears
  A black bear (shapeshifter) (Vaults:2)
  6 ice beasts
  An ettin simulacrum (Vaults:4)
  3 boggarts (Vaults:3)
  27 ogres
  An eye of draining (D:10)
  An eye of draining (shapeshifter) (Vaults:4)
  2 phantoms
  6 crocodiles
  2 wolves (Vaults:4)
  17 centaurs
  A big kobold (D:8)
  33 bullfrogs
  A wyvern zombie (D:10)
  A glowing shapeshifter simulacrum (Vaults:1)
  3 scorpions (D:5)
  7 killer bees
  8 wights
  6 electric eels
  5 howler monkeys
  4 crimson imps
  7 centaur zombies
  2 quasits
  5 jellies
  5 hounds
  2 bullfrog zombies
  2 gnoll shamans
  14 orc priests
  A bullfrog skeleton (D:5)
  6 iguanas
  Natasha (thrice) (D:3)
  24 orc wizards
  9 worker ants
  2 hell rats (D:7)
  A big kobold zombie (Ossuary)
  4 bullfrog simulacra (D:12)
  A hound zombie (D:6)
  4 mummies (Ossuary)
  3 worker ant zombies
  21 adders
  18 gnolls
  6 river rats (D:7)
  7 shadow imps
  5 white imps
  3 oozes (Lair:5)
  A worm (D:3)
  3 dart slugs (D:2)
  4 leopard geckos
  115 orcs
  A ball python (D:2)
  6 giant cockroaches
  2 gnoll zombies (Ossuary)
  9 goblins
  6 hobgoblins
  11 jackals
  10 kobolds
  6 quokkas
  8 bats
  11 frilled lizards
  A giant cockroach zombie (D:6)
  3 goblin zombies
  3 hobgoblin zombies (D:5)
  A jackal skeleton (D:5)
  A kobold skeleton (D:5)
  2 orc skeletons (D:5)
  An orc zombie (Ossuary)
  A quokka skeleton (D:5)
  A quokka zombie (D:5)
  35 rats
  A fulminant prism (D:15)
  A plant (Shoals:4)
1454 creatures vanquished.

Vanquished Creatures (collateral kills)
  A hill giant (D:12)
1 creature vanquished.

Vanquished Creatures (others)
  Vashnia (Snake:3)
  A storm dragon (Vaults:5)
  An ironheart preserver (Vaults:4)
  A deep elf demonologist (Vaults:5)
  A yaktaur captain (Vaults:5)
  2 naga sharpshooters (Snake:4)
  A naga mage (Snake:4)
  A yaktaur (Vaults:1)
  A naga (Snake:4)
  2 centaurs
  A bullfrog (Lair:2)
  A bullfrog skeleton (D:13)
  An orc (Orc:2)
  6 fungi
  25 plants
46 creatures vanquished.

Grand Total: 1501 creatures vanquished

Notes
Turn   | Place    | Note
-------+----------+-------------------------------------------
     0 | D:1      | JeffiDaFish the Gargoyle Fighter began the quest for the Orb.
     0 | D:1      | Reached XP level 1. HP: 14/14 MP: 1/1
   129 | D:1      | Reached XP level 2. HP: 18/19 MP: 2/2
   141 | D:1      | Gained mutation: You have large cloven feet. [potion of mutation]
   141 | D:1      | Gained mutation: You can translocate small distances at will. [potion of mutation]
   141 | D:1      | Gained mutation: You are covered in fur. (AC +1) [potion of mutation]
   596 | D:1      | Reached XP level 3. HP: 18/23 MP: 3/3
  1224 | D:2      | Reached XP level 4. HP: 28/28 MP: 4/4
  1442 | D:2      | Reached XP level 5. HP: 14/33 MP: 5/5
  1738 | D:3      | Noticed Natasha
  1747 | D:3      | Killed Natasha
  1831 | D:3      | Noticed Natasha
  1843 | D:3      | Killed Natasha
  1871 | D:3      | Found a white marble altar of Elyvilon.
  1919 | D:3      | Reached skill level 1 in Dodging
  2074 | D:3      | Noticed Natasha
  2086 | D:3      | Killed Natasha
  2219 | D:4      | Found a staircase to the Ecumenical Temple.
  2256 | Temple   | Entered the Ecumenical Temple
  2357 | Temple   | Became a worshipper of Warmaster Okawaru
  2487 | D:4      | Found a glowing silver altar of Zin.
  2548 | D:4      | Reached XP level 6. HP: 31/38 MP: 6/6
  2610 | D:4      | Found a sand-covered staircase.
  2617 | Ossuary  | Entered an ossuary
  2731 | Ossuary  | Reached skill level 5 in Shields
  2777 | Ossuary  | Reached XP level 7. HP: 30/44 MP: 7/7
  2813 | Ossuary  | Lost mutation: You are covered in fur. (AC +1) [potion of cure mutation]
  2813 | Ossuary  | Lost mutation: You have large cloven feet. [potion of cure mutation]
  2813 | Ossuary  | Lost mutation: You can translocate small distances at will. [potion of cure mutation]
  2837 | Ossuary  | Reached skill level 5 in Maces & Flails
  3001 | D:4      | Reached * piety under Okawaru
  3107 | D:5      | Entered Level 5 of the Dungeon
  3416 | D:5      | Noticed a hungry ghost
  3434 | D:5      | Reached skill level 5 in Fighting
  3462 | D:5      | Killed a hungry ghost
  3462 | D:5      | Reached XP level 8. HP: 45/49 MP: 8/8
  3490 | D:5      | Found a burning altar of Makhleb.
  3563 | D:5      | Reached ** piety under Okawaru
  3574 | D:5      | Found a glowing golden altar of the Shining One.
  3813 | D:5      | Found a bloodstained altar of Trog.
  3942 | D:5      | Reached skill level 5 in Armour
  4406 | D:6      | Reached XP level 9. HP: 55/55 MP: 9/9
  4565 | D:6      | Reached *** piety under Okawaru
  5293 | D:7      | Found Pyjaote's Armour Shoppe.
  5497 | D:7      | Found a blossoming altar of Fedhas.
  5551 | D:7      | Found a shadowy altar of Dithmenos.
  5644 | D:7      | Found Fucsoat's Book Shop.
  5760 | D:7      | Found Azauzic's Assorted Antiques.
  5982 | D:8      | Reached **** piety under Okawaru
  5982 | D:8      | Reached XP level 10. HP: 56/61 MP: 10/10
  6356 | D:8      | Found a staircase to the Lair.
  6459 | D:8      | Found a shattered altar of Ashenzari.
  6756 | Lair:1   | Entered Level 1 of the Lair of Beasts
  7066 | Lair:1   | Identified a scroll of acquirement
  7726 | Lair:1   | You fall through a shaft!
  7748 | Lair:2   | Reached ***** piety under Okawaru
  7756 | Lair:2   | Reached skill level 10 in Maces & Flails
  8087 | Lair:2   | Received a gift from Okawaru
  8150 | Lair:2   | Got a faintly glowing flail {god gift}
  8151 | Lair:2   | Identified the +12 flail of Leof {freeze, rN+ Int+4} (Okawaru gifted it to you on level 2 of the Lair of Beasts)
  8183 | Lair:2   | Reached XP level 11. HP: 67/67 MP: 11/11
  8191 | Lair:2   | Reached skill level 10 in Shields
  8606 | Lair:3   | Found a staircase to the Snake Pit.
  8814 | Lair:3   | Received a gift from Okawaru
  9018 | Lair:3   | Identified the Grimoire of Dusty Contamination
  9027 | Lair:3   | Learned a level 3 spell: Mephitic Cloud
  9076 | Lair:3   | Reached XP level 12. HP: 66/75 MP: 12/12
  9236 | Lair:3   | Reached skill level 1 in Poison Magic
  9534 | Lair:3   | Reached skill level 1 in Conjurations
  9579 | Lair:4   | Reached skill level 1 in Air Magic
  9746 | Lair:4   | Reached skill level 1 in Spellcasting
 10069 | Lair:4   | Received a gift from Okawaru
 10072 | Lair:4   | Identified the +8 mace of the Wasp {venom, rN+ Int+7} (Okawaru gifted it to you on level 4 of the Lair of Beasts)
 10237 | Lair:4   | Found a staircase to the Shoals.
 10292 | Lair:4   | Reached ****** piety under Okawaru
 10483 | Lair:5   | Found a staircase to the Slime Pits.
 11096 | Lair:5   | Noticed a six-headed hydra
 11102 | Lair:5   | Killed a six-headed hydra
 11288 | Lair:6   | Entered Level 6 of the Lair of Beasts
 11397 | Lair:6   | Noticed a five-headed hydra
 11409 | Lair:6   | Killed a five-headed hydra
 11409 | Lair:6   | Reached XP level 13. HP: 61/82 MP: 15/15
 11418 | Lair:6   | Received a gift from Okawaru
 11603 | Lair:6   | Reached skill level 10 in Fighting
 11618 | Lair:6   | Reached skill level 10 in Armour
 12213 | Lair:6   | Received a gift from Okawaru
 13254 | D:9      | Gained mutation: Your large and strong wings let you fly indefinitely. [Gargoyle growth]
 13254 | D:9      | Reached XP level 14. HP: 88/88 MP: 18/18
 13854 | D:10     | Entered Level 10 of the Dungeon
 14849 | D:11     | Found Lovep's Antique Armour Shop.
 14906 | D:11     | Found a staircase to the Orcish Mines.
 15528 | D:12     | Received a gift from Okawaru
 15978 | D:12     | Found Neehic's Food Shoppe.
 16143 | D:12     | Found Saecekurch's Gadget Shoppe.
 16455 | D:13     | Reached skill level 5 in Dodging
 16502 | D:13     | Reached skill level 5 in Conjurations
 16737 | D:13     | Received a gift from Okawaru
 16883 | D:13     | Found a gate to the Vaults.
 17267 | D:14     | Reached XP level 15. HP: 92/95 MP: 20/20
 17341 | D:14     | Found Deawig's Food Emporium.
 17410 | D:14     | Found a stormy altar of Qazlal.
 18228 | D:15     | Entered Level 15 of the Dungeon
 18331 | D:15     | Noticed Quico's ghost (journeyman DECj)
 18342 | D:15     | Killed Quico's ghost
 18448 | D:15     | Found Vaden's Armour Shoppe.
 18539 | D:15     | Reached skill level 5 in Poison Magic
 18691 | D:15     | Received a gift from Okawaru
 18694 | D:15     | Identified the +0 mace of Doom {crush, rElec rF+ Str-4 Int+2} (Okawaru gifted it to you on level 15 of the Dungeon)
 18698 | D:15     | Found a staircase to the Depths.
 19198 | Orc:1    | Entered Level 1 of the Orcish Mines
 19223 | Orc:1    | Noticed dialectric's ghost (novice VSFi)
 19232 | Orc:1    | Killed dialectric's ghost
 19549 | Orc:2    | Entered Level 2 of the Orcish Mines
 19661 | Orc:2    | Found a roughly hewn altar of Beogh.
 19752 | Orc:2    | Noticed Saint Roka
 19896 | Orc:2    | Found a staircase to the Elven Halls.
 19960 | Orc:2    | Received a gift from Okawaru
 19971 | Orc:2    | Found a roughly hewn altar of Beogh.
 20098 | Orc:2    | Identified the +6 flail "Ylifen" {vamp, rPois rN+} (Okawaru gifted it to you on level 2 of the Orcish Mines)
 20167 | Orc:2    | Killed Saint Roka
 20358 | Orc:2    | Found Jupufil's Antique Armour Boutique.
 20486 | Orc:2    | Found Tiestisi's Book Shop.
 20572 | Orc:2    | Found Puatular's Jewellery Boutique.
 20578 | Orc:2    | Bought the ring of Kathroz {rElec Str+3 Int-3 Dex+3 SInv} for 474 gold pieces
 20590 | Orc:2    | Found Suh Vuoc's General Store.
 20694 | Orc:2    | Found Xoqiuwoarr's Antique Weapon Boutique.
 21034 | Shoals:1 | Entered Level 1 of the Shoals
 21184 | Shoals:1 | Reached skill level 5 in Spellcasting
 21214 | Shoals:1 | Reached skill level 5 in Air Magic
 21214 | Shoals:1 | Reached XP level 16. HP: 101/101 MP: 23/23
 21960 | Shoals:2 | Received a gift from Okawaru
 21982 | Shoals:2 | Got a jewelled demon whip {god gift}
 21995 | Shoals:2 | Identified the +3 demon whip "Xaciesit" {vamp, rPois rC+ MR+} (Okawaru gifted it to you on level 2 of the Shoals)
 22818 | Shoals:3 | Received a gift from Okawaru
 23204 | Shoals:3 | Reached skill level 15 in Shields
 23207 | Shoals:3 | Received a gift from Okawaru
 23210 | Shoals:3 | Got a pair of distressingly furry boots {god gift}
 23221 | Shoals:3 | Identified the +0 pair of boots of Lucidity {+Fly Int+4} (Okawaru gifted it to you on level 3 of the Shoals)
 23645 | Shoals:4 | Entered Level 4 of the Shoals
 23796 | Shoals:4 | Noticed Ilsuiw
 23822 | Shoals:4 | Killed Ilsuiw
 23969 | Shoals:4 | Reached XP level 17. HP: 104/108 MP: 25/25
 24136 | Shoals:4 | Noticed Donald
 24157 | Shoals:4 | Killed Donald
 24305 | Shoals:4 | Got a barnacled rune of Zot
 24950 | Shoals:4 | Received a gift from Okawaru
 25151 | Snake:1  | Entered Level 1 of the Snake Pit
 25268 | Snake:1  | Found Zuedieb's Book Shop.
 25270 | Snake:1  | Reached skill level 15 in Maces & Flails
 25404 | Snake:1  | Noticed Aizul
 25425 | Snake:1  | Killed Aizul
 25900 | Snake:1  | Received a gift from Okawaru
 26373 | Snake:2  | Found Barghy's Food Boutique.
 26399 | Snake:2  | Found Beijymm's Book Shop.
 26988 | Snake:2  | Reached XP level 18. HP: 114/116 MP: 27/27
 27038 | Snake:3  | Noticed Vashnia
 27071 | Snake:3  | Killed Vashnia
 27216 | Snake:3  | Found Ekkiphox's Assorted Antiques.
 27693 | Snake:4  | Entered Level 4 of the Snake Pit
 27866 | Snake:4  | Received a gift from Okawaru
 28317 | Snake:4  | Received a gift from Okawaru
 28929 | Snake:4  | Got a serpentine rune of Zot
 28967 | Snake:4  | Noticed Nikola
 28982 | Snake:4  | Killed Nikola
 28982 | Snake:4  | Reached XP level 19. HP: 102/122 MP: 29/29
 28988 | Snake:4  | Received a gift from Okawaru
 29007 | Snake:4  | Identified the quicksilver dragon scales of Dequ Wie {rElec rPois rF+ MR+ MP-9} (Okawaru gifted it to you on level 4 of the Snake Pit)
 29492 | Vaults:1 | Entered Level 1 of the Vaults
 29640 | Vaults:1 | Reached skill level 15 in Armour
 30160 | Vaults:1 | Found Huttotra's General Store.
 30813 | Vaults:2 | Noticed Jorgrun
 30838 | Vaults:2 | Killed Jorgrun
 30891 | Vaults:2 | Received a gift from Okawaru
 30925 | Vaults:2 | Reached skill level 15 in Fighting
 31806 | Vaults:3 | Reached XP level 20. HP: 106/129 MP: 27/31
 31998 | Vaults:3 | Received a gift from Okawaru
 32264 | Vaults:3 | Got a pair of spiked gloves
 32265 | Vaults:3 | Identified the +0 pair of gloves of Ikixkaoth {Dex+4 Slay+3} (You acquired it on level 3 of the Vaults)
 32853 | Vaults:3 | Found a staircase to the Crypt.
 32885 | Vaults:3 | Received a gift from Okawaru
 33453 | Vaults:4 | Noticed a Tzitzimitl
 33691 | Vaults:4 | Received a gift from Okawaru
 33741 | Vaults:4 | Identified a +0 pair of boots of running (Okawaru gifted it to you on level 4 of the Vaults)
 33958 | Vaults:4 | Reached skill level 10 in Conjurations
 34254 | Vaults:4 | Learned a level 4 spell: Iskenderun's Mystic Blast
 34573 | Vaults:4 | Reached XP level 21. HP: 136/136 MP: 33/33
 34879 | Vaults:5 | Entered Level 5 of the Vaults
 35155 | Vaults:5 | Received a gift from Okawaru
 35209 | Vaults:5 | HP: 4/137 [sphinx/divine providence (11)]
 35211 | Vaults:5 | Killed from afar by a tengu reaver

Skill      XL: |  1  2  3  4  5  6  7  8  9 10 11 12 13 14 15 16 17 18 19 20 21 |
---------------+----------------------------------------------------------------+-----
Armour         | 4 5 6 7 8 9 10 11 12 13 14 15 16 | 16.4
Shields        | 4 5 7 8 9 11 12 13 14 15 16 17 | 17.7
Maces & Flails | 3 4 6 7 9 10 11 12 13 14 15 16 17 | 17.1
Fighting       | 4 5 6 7 8 9 10 11 12 13 14 15 16 | 16.3
Dodging        | 1 2 3 4 5 6 7 8 |  8.8
Poison Magic   | 2 3 4 5 6 7 8 9 |  9.4
Conjurations   | 2 4 5 6 7 8 9 10 | 10.2
Air Magic      | 2 3 4 5 6 7 8 |  8.4
Spellcasting   | 1 2 3 5 6 7 8 |  8.5

Action                   |  1- 3 |  4- 6 |  7- 9 | 10-12 | 13-15 | 16-18 | 19-21 || total
-------------------------+-------+-------+-------+-------+-------+-------+-------++-------
Melee: Flail             |   181 |   207 |   633 |   565 |  1542 |  1566 |  1543 ||  6237
       Kick              |    10 |       |       |       |       |       |       ||    10
       Eveningstar       |       |       |       |    86 |       |       |       ||    86
 Cast: Mephitic Cloud    |       |       |       |       |       |       |    80 ||    80
       Iskenderun's Myst |       |       |       |       |       |       |     1 ||     1
Invok: Heroism           |       |       |       |       |       |       |     2 ||     2
 Abil: Fly               |       |       |       |       |     1 |       |       ||     1
  Use: Potion            |     4 |     5 |     7 |     1 |     9 |     6 |    11 ||    43
       Scroll            |     1 |     5 |     8 |     7 |    27 |     7 |    14 ||    69
 Stab: Held in net/web   |       |       |       |       |       |     1 |       ||     1
       Confused          |       |       |       |       |       |       |    50 ||    50
       Petrified         |       |       |       |       |       |       |     5 ||     5
  Eat: Chunk             |     1 |     6 |     7 |    15 |    29 |    25 |    28 ||   111
       Bread ration      |       |       |     3 |       |       |       |       ||     3
       Meat ration       |       |       |     1 |     1 |       |       |       ||     2
       Royal jelly       |       |       |       |       |     1 |     1 |       ||     2
       Pizza             |       |       |       |       |       |     1 |       ||     1
Armor: Scale mail        |    44 |       |       |       |       |       |       ||    44
       Chain mail        |    85 |   119 |   403 |    28 |     3 |       |       ||   638
       Plate armour      |       |       |       |   500 |   565 |   527 |   563 ||  2155
Dodge: Dodged            |    60 |    42 |   186 |   214 |   642 |   704 |   706 ||  2554
Block: Shield            |   120 |   109 |   403 |   490 |  1016 |  1074 |  1012 ||  4224
       Reflection        |       |       |       |       |       |   104 |    48 ||   152
